 Dungeon Crawl Stone Soup version 0.19-a0-1852-gc11d922 (webtiles) character file.

19490 Psiweapon the Covert (level 12, -3/96 HPs)
             Began as a Minotaur Gladiator on Oct 11, 2016.
             Was an Elder of Dithmenos.
             Slain by a 14-headed hydra (13 damage)
             ... on level 3 of the Lair of Beasts.
             The game lasted 00:47:00 (12840 turns).

Psiweapon the Covert (Minotaur Gladiator)          Turns: 12840, Time: 00:47:02

Health: -3/96      AC: 18    Str: 20    XL:     12   Next: 37%
Magic:  16/16      EV: 18    Int:  5    God:    Dithmenos [****..]
Gold:   719        SH:  0    Dex: 21    Spells: 0 memorised, 11 levels left

rFire  + . .     SeeInvis .     a - +6 long sword
rCold  . . .     Gourm    +     U - +4 scale mail of Duevesig {Regen+}
rNeg   . . .     Faith    .     (no shield)
rPois  +         Spirit   .     c - +1 hat
rElec  .         Dismiss  .     E - +0 cloak
rCorr  .         Reflect  .     I - +0 pair of gloves
MR     .....     Harm     .     K - +0 pair of boots
Stlth  +++++.....               X - amulet "Nuiquta" {Gourm rPois}
                                Y - ring of protection from fire
                                S - +5 ring of dexterity

@: about to teleport, wreathed by umbra
A: retaliatory headbutt, horns 2
a: Shadow Step, Renounce Religion


You were on level 3 of the Lair of Beasts.
You worshipped Dithmenos.
Dithmenos was greatly pleased with you.
You were completely stuffed.

You visited 2 branches of the dungeon, and saw 13 of its levels.

You collected 719 gold pieces.

Inventory:

Hand Weapons
 a - a +6 long sword (weapon)
 q - a +0 hunting sling
 D - a +2 dagger of speed
 Z - the +7 mace "Siti" {pain, rPois, unknown}
   (You found it on level 2 of the Lair of Beasts)

   In the hands of one skilled in necromantic magic, it inflicts extra damage on
   living creatures.
   It protects you from poison.
Missiles
 b - 21 bolts
 d - 6 throwing nets
 r - 14 tomahawks (quivered)
Armour
 c - a +1 hat (worn)
 E - a +0 cloak (worn)
 I - a +0 pair of gloves (worn)
 K - a +0 pair of boots (worn)
 U - the +4 scale mail of Duevesig (worn) {Regen+}
   (You found it on level 8 of the Dungeon)

   It increases your rate of regeneration.
 V - a +2 robe of magic resistance
Jewellery
 u - an uncursed amulet of dismissal
 C - a +4 ring of intelligence
 S - a +5 ring of dexterity (left hand)
 X - the amulet "Nuiquta" (around neck) {Gourm rPois}
   (You acquired it on level 8 of the Dungeon)

   [amulet of the gourmand]

   It allows you to eat raw meat even when not hungry.
   It protects you from poison.
 Y - a ring of protection from fire (right hand)
Wands
 l - a wand of iceblast (4/15)
 F - a wand of teleportation (3/9)
 J - a wand of lightning (3/15)
 N - a wand of digging (17/24)
 R - a wand of paralysis (12/24)
 W - a wand of lightning (5/15)
Scrolls
 g - 3 scrolls of teleportation
 j - 6 scrolls of blinking
 k - 3 scrolls of fog
 n - 7 scrolls of identify
 v - 2 scrolls of recharging
 w - a scroll of fear
 z - a scroll of remove curse
Potions
 e - 3 potions of lignification {unknown}
 h - a potion of heal wounds
 p - 4 potions of mutation {unknown}
 s - 2 potions of might {unknown}
 t - 2 potions of magic {unknown}
 x - a potion of agility {unknown}
 H - 4 potions of curing {unknown}
 L - a potion of haste
 M - a potion of brilliance {unknown}
 P - a potion of ambrosia {unknown}
Books
 y - a book of Enchantments

   Spells                             Type                      Level
   a - Cause Fear                     Hexes                        4
   b - Yara's Violent Unravelling     Hexes/Transmutation          5
   c - Silence                        Hexes/Air                    5
   d - Deflect Missiles               Charms/Air                   6
   e - Discord                        Hexes                        8
 G - a Young Poisoner's Handbook

   Spells                             Type                      Level
   a - Sting                          Conjuration/Poison           1
   b - Mephitic Cloud                 Conjuration/Poison/Air       3
   c - Olgreb's Toxic Radiance        Poison                       4
   d - Alistair's Intoxication        Transmutation/Poison         5
   e - Venom Bolt                     Conjuration/Poison           5
Miscellaneous
 B - a phantom mirror
Comestibles
 f - 11 bread rations
 i - 10 fruits
 m - 2 meat rations
 A - 10 slices of pizza
 O - a chunk of flesh
 Q - 2 beef jerkies
 T - 2 royal jellies


   Skills:
 + Level 6.1 Fighting
 + Level 5.1(7.8) Short Blades
 - Level 10.0(10.5) Long Blades
 - Level 2.0 Throwing
 - Level 10.0 Armour
 - Level 10.0 Dodging
 - Level 10.4 Stealth
 - Level 7.1 Invocations


You had 11 spell levels left.
You didn't know any spells.

Dungeon Overview and Level Annotations

Branches:
Dungeon (9/15)             Temple (0/1) D:4            Lair (4/6) D:8
  Swamp: Lair:2-4    Shoals: Lair:2-4     Snake: Lair:2-4    Spider: Lair:2-4
    Orc: D:9-12

Altars:
Dithmenos
Gozag
Nemelex Xobeh
Okawaru
Yredelemnul
The Shining One

Shops:
D:7 }

Annotations:
D:4 1 exclusion
D:8 exclusion: downstairs
Lair:1 exclusion: downstairs


Innate Abilities, Weirdness & Mutations

You reflexively headbutt those who attack you in melee.
You have a pair of horns on your head.


Message History

Press: ? - help, Shift-Dir - straight line You hear a mighty clap of thunder!
The bolt of lightning hits the 14-headed hydra.
The 14-headed hydra is almost dead.
The bolt of lightning misses the killer bee. x3
The bolt of lightning hits the porcupine.
The porcupine is severely wounded.
The bolt of lightning hits the porcupine.
The porcupine is severely wounded.
Evoking this partially-identified wand wasted a few charges.
You hear an angry buzzing noise. x14; You hear an angry hiss.
The 14-headed hydra bites you but does no damage.
The 14-headed hydra bites you!
* * * LOW HITPOINT WARNING * * *
The 14-headed hydra barely misses you. The 14-headed hydra bites you.
* * * LOW HITPOINT WARNING * * *
The 14-headed hydra bites you.
* * * LOW HITPOINT WARNING * * *
The 14-headed hydra bites you!
You die...

##.......## #. #........#
#y #. #.?.....## #y #...
#...+#PP# %.. ###.
####.##### ###y######.#
#.....# ##.#y#... ##
##..†## ###...y.y.#.###
##..#####.yD..ry...##P.
####...##@##...y...<..##..
#.......##D#...y......+.+.
##.........yry.........# #.
#.........#y............##.
#........###PP..%......###.
####.#.#.# #####.###.P###..
#..#### #....### ##. ##.# #
#.. ## #.# .#.


You could see a 14-headed hydra, a porcupine and 3 killer bees.

Vanquished Creatures
  A hydra (Lair:3)
  5 death yaks
  Nergalle (Lair:2)
  A torpor snail (Lair:1)
  2 komodo dragons (Lair:2)
  A spiny frog (Lair:1)
  A rime drake (Lair:1)
  6 polar bears
  12 blink frogs
  10 yaks
  Sigmund (D:5)
  A wyvern (Lair:2)
  2 basilisks
  Grum (D:8)
  A human (D:7)
  4 hogs (D:7)
  The ghost of xvga the Insei, an amateur DgTm (D:5)
  A steam dragon (D:8)
  Menkaure (D:7)
  4 water moccasins
  5 porcupines
  3 black bears
  A sky beast (D:8)
  5 orc warriors
  A necrophage (D:6)
  A phantom (D:4)
  6 ogres
  12 wolves
  6 centaurs
  5 crocodiles
  A big kobold (D:8)
  Blork the orc (D:5)
  8 bullfrogs
  A wyvern skeleton (D:6)
  4 scorpions
  8 wights
  5 killer bees
  4 howler monkeys
  4 crimson imps
  2 quasits
  A bullfrog zombie (D:7)
  Crazy Yiuf (D:4)
  A jelly (D:6)
  4 orc priests
  A centaur skeleton (D:8)
  6 orc wizards
  Natasha (thrice) (D:4)
  5 iguanas
  9 worker ants
  2 hound skeletons
  2 worker ant zombies
  12 adders
  12 gnolls
  A river rat (D:8)
  2 shadow imps
  An ooze (D:7)
  2 adder skeletons (D:7)
  5 worms
  3 dart slugs
  10 leopard geckos
  46 orcs
  9 giant cockroaches
  10 goblins
  5 hobgoblins
  13 jackals
  11 kobolds
  7 quokkas
  14 bats
  7 frilled lizards
  2 goblin skeletons (D:8)
  A goblin zombie (D:8)
  4 hobgoblin zombies (D:8)
  A jackal zombie (D:6)
  3 kobold skeletons (D:8)
  A kobold zombie (D:8)
  2 orc zombies (D:8)
  12 rats
371 creatures vanquished.

Vanquished Creatures (others)
  A fungus (Lair:1)
  A plant (Lair:3)
2 creatures vanquished.

Grand Total: 373 creatures vanquished

Notes
Turn   | Place    | Note
-------+----------+-------------------------------------------
     0 | D:1      | Psiweapon the Minotaur Gladiator began the quest for the Orb.
     0 | D:1      | Reached XP level 1. HP: 18/18 MP: 0/0
    95 | D:2      | You fall through a shaft!
   101 | D:3      | Reached XP level 2. HP: 25/25 MP: 1/1
   515 | D:4      | Noticed a phantom
   801 | D:2      | Reached XP level 3. HP: 30/30 MP: 2/2
   963 | D:2      | Found a basalt altar of Yredelemnul.
   963 | D:2      | Found an iron altar of Okawaru.
  1008 | D:1      | Reached skill level 5 in Long Blades
  1466 | D:2      | Reached XP level 4. HP: 37/37 MP: 3/3
  2526 | D:3      | Found a shadowy altar of Dithmenos.
  2535 | D:3      | Became a worshipper of Dithmenos the Shadowed
  2544 | D:3      | Reached XP level 5. HP: 35/42 MP: 4/4
  2755 | D:3      | Noticed a centaur
  2764 | D:3      | Killed a centaur
  2764 | D:3      | Reached XP level 6. HP: 27/50 MP: 5/5
  3174 | D:3      | Reached * piety under Dithmenos
  3205 | D:3      | Reached skill level 5 in Dodging
  3512 | D:4      | Noticed Natasha
  3694 | D:4      | Killed Natasha
  3697 | D:4      | Noticed Natasha
  3702 | D:4      | Killed Natasha
  3702 | D:4      | Reached XP level 7. HP: 39/56 MP: 6/6
  3796 | D:4      | Noticed Natasha
  3803 | D:4      | Killed Natasha
  3808 | D:5      | Entered Level 5 of the Dungeon
  3813 | D:5      | Noticed Blork the orc
  3936 | D:4      | Found a runed door.
  3940 | D:4      | Noticed Crazy Yiuf
  3942 | D:4      | Killed Crazy Yiuf
  4095 | D:4      | Reached ** piety under Dithmenos
  4473 | D:4      | Reached skill level 10 in Long Blades
  4473 | D:4      | Reached XP level 8. HP: 59/62 MP: 7/7
  4572 | D:4      | Found a staircase to the Ecumenical Temple.
  4645 | D:5      | Noticed xvga's ghost (amateur DgTm)
  4657 | D:5      | Killed xvga's ghost
  4657 | D:5      | Reached skill level 1 in Armour
  4691 | D:5      | Killed Blork the orc
  4754 | D:5      | Noticed Sigmund
  4958 | D:5      | Killed Sigmund
  5002 | D:5      | Found a sparkling altar of Nemelex Xobeh.
  5255 | D:8      | Reached *** piety under Dithmenos
  5287 | D:8      | Reached XP level 9. HP: 34/68 MP: 8/8
  5648 | D:6      | Reached skill level 5 in Armour
  6186 | D:6      | Reached skill level 10 in Dodging
  6514 | D:6      | Reached skill level 1 in Stealth
  7074 | D:7      | Found Uschorua's Gadget Shop.
  7142 | D:7      | Noticed Menkaure
  7164 | D:7      | Reached **** piety under Dithmenos
  7332 | D:7      | Reached XP level 10. HP: 35/74 MP: 9/9
  7822 | D:7      | Killed Menkaure
  8400 | D:7      | Found an opulent altar of Gozag.
  8404 | D:7      | Reached skill level 10 in Armour
  8520 | D:8      | Got a twisted scale mail
  8526 | D:8      | Identified the +4 scale mail of Duevesig {Regen+} (You found it on level 8 of the Dungeon)
  8645 | D:8      | Found a staircase to the Lair.
  8666 | D:8      | Reached skill level 1 in Invocations
  8723 | D:8      | Found a glowing golden altar of the Shining One.
  8728 | D:8      | Reached skill level 5 in Stealth
  8733 | D:8      | Noticed Grum
  8745 | D:8      | Killed Grum
  8745 | D:8      | Reached ***** piety under Dithmenos
  8939 | D:8      | Identified a scroll of acquirement
  8942 | D:8      | Got a scorched sapphire amulet
  8943 | D:8      | Identified the amulet "Nuiquta" {Gourm rPois} (You acquired it on level 8 of the Dungeon)
  9432 | Lair:1   | Entered Level 1 of the Lair of Beasts
  9499 | Lair:1   | Noticed a spiny frog
  9510 | Lair:1   | Killed a spiny frog
  9797 | Lair:1   | Reached XP level 11. HP: 80/80 MP: 10/13
  9886 | Lair:2   | Noticed a death yak
  9886 | Lair:2   | Noticed a death yak
  9890 | Lair:2   | Noticed a death yak
 10036 | Lair:1   | Reached skill level 5 in Invocations
 10063 | Lair:1   | Noticed a death yak
 10065 | Lair:1   | Noticed a death yak
 10202 | Lair:1   | Killed a death yak
 10208 | Lair:1   | Killed a death yak
 11126 | Lair:2   | Killed a death yak
 11137 | Lair:2   | Killed a death yak
 11137 | Lair:2   | Reached skill level 10 in Stealth
 11150 | Lair:2   | Killed a death yak
 11318 | Lair:2   | Reached XP level 12. HP: 88/88 MP: 16/16
 11448 | Lair:2   | Noticed Nergalle
 11469 | Lair:2   | Killed Nergalle
 12261 | Lair:2   | Got a twisted mace
 12279 | Lair:2   | Reached skill level 5 in Fighting
 12391 | Lair:3   | Noticed an eight-headed hydra
 12465 | Lair:3   | Noticed a four-headed hydra
 12481 | Lair:3   | Killed a 12-headed hydra
 12744 | Lair:3   | Reached skill level 5 in Short Blades
 12840 | Lair:3   | Slain by a 14-headed hydra

Vault maps used:
D:1:      dpeg_arrival_prison, dk_noncrumbling_3, wad_floor_pattern_untrapped,
          st_stairs_7
D:2:      gammafunk_temple_overflow_wave
D:3:      overflow_temple_1_default, minmay_misc_feat_iff, minmay_joined_circles
D:4:      old_forge, uniq_natasha, uniq_crazy_yiuf_cottage
D:5:      old_standard_altar, first_bread, uniq_sigmund, uniq_blork_the_orc
D:7:      minmay_cornered_nines, nicolae_gozag_seed_capital, serial_shops,
          shop_statue, grunt_livestock, uniq_menkaure
D:8:      nicolae_tso_besieged_by_evil, due_lair_maze_entry_diamond, uniq_grum
D:9:      kennysheep_little_box, hangedman_glass_teeth, lemuel_angel_altar
Lair:1:   beast_lair_carwin_large_2
Lair:2:   uniq_nergalle
Lair:3:   special_room
Lair:4:   minmay_shoals_entry_lonely_mermaid, guppyfry_snake_entry_island,
          serial_bayou_shore_b

Skill      XL: |  1  2  3  4  5  6  7  8  9 10 11 12 |
---------------+-------------------------------------+-----
Long Blades    | 4 5 6 7 8 10 | 10.0
Dodging        | 4 5 6 9 10 | 10.0
Armour         | 4 9 10 | 10.0
Stealth        | 3 7 10 | 10.4
Invocations    | 4 7 |  7.1
Fighting       | 6 |  6.1
Short Blades   | 5 |  5.1
Throwing       | |  2.0

Action                   |  1- 3 |  4- 6 |  7- 9 | 10-12 || total
-------------------------+-------+-------+-------+-------++-------
Melee: Long sword        |    70 |   131 |   251 |   472 ||   924
       Headbutt          |     8 |    23 |    74 |   162 ||   267
       Dagger            |       |       |       |    10 ||    10
       Scimitar          |       |       |       |     1 ||     1
Throw: Tomahawk          |       |     2 |    21 |    26 ||    49
       Throwing net      |       |     1 |       |     2 ||     3
Invok: Shadow Step       |       |       |       |     5 ||     5
Evoke: Wand              |       |       |       |     6 ||     6
  Use: Scroll            |       |    12 |     6 |    10 ||    28
       Potion            |       |     2 |     1 |     1 ||     4
 Stab: Sleeping          |       |       |     1 |    18 ||    19
       Distracted        |       |       |       |     5 ||     5
  Eat: Chunk             |     2 |     7 |    12 |    32 ||    53
Armor: Leather armour    |    17 |    21 |    35 |    13 ||    86
       Scale mail        |       |       |       |   149 ||   149
Dodge: Dodged            |    61 |   105 |   231 |   546 ||   943
       Rpst.: Long sword |    14 |    31 |    71 |   114 ||   230
